 Dungeon Crawl Stone Soup version 0.27.1-2-g3b301248ec (webtiles) character file.

Game seed: 9047728967503967066

89 Descartes the Ruffian (level 4, -1/40 HPs)
             Began as a Troll Transmuter on Oct 5, 2021.
             Slain by a goblin (3 damage)
             ... led by Robin
             ... on level 3 of the Dungeon.
             The game lasted 00:01:54 (1091 turns).

Descartes the Ruffian (Troll Transmuter)            Turns: 1091, Time: 00:01:54

Health: -1/40      AC:  4    Str: 18    XL:     4   Next: 31%
Magic:  3/4        EV:  9    Int: 10    God:
Gold:   80         SH:  0    Dex: 10    Spells: 4/5 levels left

rFire    . . .     SeeInvis .     - Unarmed
rCold    . . .     Faith    .   (no shield)
rNeg     . . .     Spirit   .   a - +0 robe
rPois    .         Reflect  .   (helmet currently unavailable)
rElec    .         Harm     .   (no cloak)
rCorr    .         Rampage  .   (gloves unavailable)
Will     .....                  (boots unavailable)
Stlth    +.........             (no amulet)
HPRegen  1.13/turn              (no ring)
MPRegen  0.09/turn              (no ring)

@: lethally poisoned (-1 -> -1), appendages
A: horns 2, talons 2, large, unfitting armour, claws 3, regeneration 1, shaggy
fur 1, tough skin 1
a: End Transformation


You were on level 3 of the Dungeon.
You had temporarily grown beastly horns and talons.
You visited 1 branch of the dungeon, and saw 3 of its levels.

You collected 80 gold pieces.

Inventory:

Missiles
 d - 2 large rocks
 e - 25 poisoned darts
 f - 61 stones
Armour
 a - a +0 robe (worn)
Jewellery
 g - a ring of willpower
Scrolls
 b - 2 scrolls of acquirement {unknown}
 c - a scroll of magic mapping {unknown}
 h - 2 scrolls of enchant weapon {unknown}
 i - a scroll of brand weapon {unknown}
 j - a scroll of teleportation {unknown}
 k - a scroll of enchant armour {unknown}
 m - a scroll of blinking {unknown}
Potions
 l - a potion of degeneration {unknown}
 n - a potion of heal wounds {unknown}


   Skills:
 - Level 0.7 Fighting
 - Level 1.5 Dodging
 + Level 4.2 Unarmed Combat
 - Level 1.2 Spellcasting
 + Level 2.6 Transmutations


You had 4 spell levels left.
You knew the following spells:

 Your Spells              Type           Power      Damage    Failure   Level
a - Beastly Appendage     Tmut           10%        N/A       12%         1

Your spell library contained the following spells:

 Spells                   Type           Power      Damage    Failure   Level
 Wereblood                Tmut           5%         N/A       17%         2
 Spider Form              Tmut/Pois      1%         N/A       52%         3
 Ozocubu's Armour         Ice            0%         N/A       71%         3
 Ice Form                 Ice/Tmut       3%         N/A       89%         4
 Metabolic Englaciation   Hex/Ice        0%         N/A       100%        5
 Simulacrum               Ice/Necr       0%         N/A       100%        6


Dungeon Overview and Level Annotations

Branches:
Dungeon (3/15)

Altars:

Annotations:
D:3 Robin


Innate Abilities, Weirdness & Mutations

You have temporarily grown beastly horns and talons.
You are too large for most types of armour.
You have claws for hands.
Your natural rate of healing is unusually fast.
You are covered in fur. (AC +1)
You have tough skin. (AC +1)


Message History

You feel very sick. The goblin hits you but does no damage.
The goblin closely misses you. The goblin barely misses you.
The goblin closely misses you.
You scratch the goblin but do no damage.
You feel sick. The goblin barely misses you.
The goblin hits you but does no damage. The goblin barely misses you. x2
You claw the goblin!
You kill the goblin!
You feel sick. The goblin closely misses you. Robin throws the goblin at you!
The goblin barely misses you. The goblin hits you but does no damage.
You closely miss the goblin.
You feel sick. The goblin barely misses you.
The goblin hits you with a +0 club. x2
You barely miss the goblin.
You feel sick. The goblin hits you with a +0 dagger.
The goblin hits you but does no damage. The goblin completely misses you.
You scratch the goblin.
You kill the goblin!
You feel sick. The goblin hits you with a +0 club.
Robin throws the goblin at you! The goblin hits you with a +0 dagger.
The goblin hits you with a +0 club. The goblin hits you but does no damage.
You are too injured to fight recklessly!
You claw the goblin!
You kill the goblin!
You feel sick. The goblin hits you with a +0 club.
* * * LOW HITPOINT WARNING * * *
Robin says, "My goblins will feast on your bones."
Robin throws the goblin at you! The goblin hits you with a +0 dagger.
* * * LOW HITPOINT WARNING * * *
The goblin hits you with a +0 dagger.
* * * LOW HITPOINT WARNING * * *
The goblin hits you with a +0 club.
* * * LOW HITPOINT WARNING * * *
You barely miss the goblin.
You feel sick. The goblin hits you with a +0 club.
* * * LOW HITPOINT WARNING * * *
The goblin barely misses you. The goblin hits you but does no damage.
Casting: Beastly Appendage (safe; 12% risk of failure)
Confirm with . or Enter, or press ? or * to list all spells.
You grow a pair of large bovine horns.
Your feet morph into talons.
You feel sick. The goblin hits you with a +0 club.
You die...

.................#
..........#......#
.................#
.###.#.###..>....#
#..............#
#.#######+##.###
#. #.# #g#####..
#@gB.....
#gg####.. #g.g#
#.g.# #.... #...#.
#....># .......


You could see Robin, a giant cockroach and 6 goblins.

Vanquished Creatures
  4 adders (D:2)
  3 dart slugs
  3 ball pythons
  7 bats
  5 endoplasms
  A giant cockroach (D:2)
  2 jackals (D:1)
  A kobold (D:1)
  3 quokkas
  4 frilled lizards
  8 goblins
  6 rats
47 creatures vanquished.

Vanquished Creatures (others)
  3 fungi (D:3)
  2 plants (D:3)
5 creatures vanquished.

Grand Total: 52 creatures vanquished

Notes
Turn   | Place    | Note
-------+----------+-------------------------------------------
     0 | D:1      | Descartes the Troll Transmuter began the quest for the Orb.
     0 | D:1      | Reached XP level 1. HP: 18/18 MP: 1/1
    40 | D:1      | Reached XP level 2. HP: 26/26 MP: 2/2
   392 | D:1      | Reached XP level 3. HP: 32/32 MP: 3/3
   730 | D:2      | Reached skill level 4 in Unarmed Combat
   936 | D:2      | Reached XP level 4. HP: 39/40 MP: 4/4
  1078 | D:3      | Noticed Robin
  1090 | D:3      | HP: 2/40 [goblin[Robin] (2)]
  1091 | D:3      | Slain by a goblin

Illustrated notes

Levels and vault maps discovered:
D:1:      wander_arrival_desolate, layout_basic
D:2:      layout_rooms, mrwooster_statue_mirror
D:3:      layout_rooms, old_standard_altar, nemelex_xobeh_ov_fountains_minmay,
          shapermc_ecumenical_altar_gd, minivault_25, uniq_crazy_yiuf_cottage,
          uniq_jessica, uniq_robin

Skill      XL: |  1  2  3 |
---------------+----------+-----
Transmutations | 2 |  2.6
Unarmed Combat | 4 |  4.2
Fighting       | |  0.7
Dodging        | |  1.5
Spellcasting   | |  1.2

Action                   |  1- 3 |  4- 6 || total
-------------------------+-------+-------++-------
Melee: Unarmed           |    89 |    33 ||   122
 Cast: Beastly Appendage |       |     1 ||     1
Armor: Robe              |    42 |    17 ||    59
Dodge: Dodged            |    38 |    21 ||    59
